 Dungeon Crawl Stone Soup version 0.16-a0-3483-g6616b5b (webtiles) character file.

66 NewYearsCrawler the Chopper (level 4, 0/39 HPs)
             Began as a Hill Orc Berserker on Jan 3, 2015.
             Was a Believer of Trog.
             Killed from afar by an orc wizard (6 damage)
             ... with a magic dart
             ... on level 3 of the Dungeon.
             The game lasted 00:02:28 (1873 turns).

NewYearsCrawler the Chopper (Hill Orc Berserker)    Turns: 1873, Time: 00:02:28

Health: 0/39       AC: 12    Str: 20    XL:     4   Next: 15%
Magic:  4/4        EV:  8    Int:  7    God:    Trog [**....]
Gold:   20         SH:  0    Dex: 10    Spells: 0 memorised, 3 levels left

rFire  . . .     SeeInvis .     a - +0 hand axe
rCold  + . .     Clarity  .     q - +2 chain mail {rC+}
rNeg   . . .     SustAb   .     (no shield)
rPois  .         Gourm    .     d - +0 helmet
rElec  .         Spirit   .     j - +0 cloak
rCorr  .         Warding  .     (no gloves)
rMut   .         Stasis   .     (no boots)
MR     .....                    (no amulet)
Stlth  ..........               (no ring)
                                (no ring)

@: not resistant to hostile enchantments, extremely unstealthy
A: no striking features
a: Burn Spellbooks, Berserk, Trog's Hand, Renounce Religion


You were on level 3 of the Dungeon.
You worshipped Trog.
Trog was pleased with you.
You were very hungry.

You visited 1 branch of the dungeon, and saw 3 of its levels.

You collected 20 gold pieces.

Inventory:

Hand weapons
 a - a +0 hand axe (weapon)
Missiles
 g - 4 tomahawks (quivered)
Armour
 d - a +0 helmet (worn)
 j - a +0 cloak (worn)
 q - a +2 chain mail of cold resistance (worn)
Scrolls
 b - a scroll of teleportation {unknown}
 e - 4 scrolls of recharging {unknown}
 h - 4 scrolls of remove curse {unknown}
 i - 2 scrolls of identify {unknown}
 l - a scroll of random uselessness {unknown}
 o - a scroll of enchant weapon {unknown}
Comestibles
 c - a meat ration
 k - 2 bread rations
 m - a beef jerky


   Skills:
 - Level 3.6 Fighting
 * Level 6.5 Axes
 - Level 2.1 Armour
 - Level 1.5 Dodging


You had 3 spell levels left.
You didn't know any spells.

Dungeon Overview and Level Annotations

Branches:
Dungeon (3/15)

Altars:
Ashenzari


Message History

You hear some strange, mumbled words.
You are confused.
You bump into the rock wall.
Something hits you but does no damage.
You miss something. Something hits you but does no damage.
You bump into the rock wall.
Something hits you but does no damage.
You miss something. Something hits you but does no damage.
You completely miss something. Something hits you but does no damage.
You bump into the rock wall.
You feel less confused. Something hits you but does no damage.
You hit something but do no damage.
You hear some strange, mumbled words.
The puff of flame hits you!
* * * LOW HITPOINT WARNING * * *
Your chain mail prevents you from hitting something.
Something hits you but does no damage.
You completely miss something.
You hear some strange, mumbled words.
The magic dart hits you!
You die...

#....[(..
######.........
..##..............
#......<.........
######.#........$.
#.>#..........
#w#>{....!..#.
#{#s...#.....
#@#....#..#..
#$#.)........
#.#w.....#...
#......#....
.......###!..
.........# #..
.##.....# #.....#
#......


You could see a worm.

Vanquished Creatures
  Terence (D:2)
  An adder (D:2)
  A giant mite (D:3)
  3 orcs (D:3)
  2 ball pythons (D:2)
  6 goblins
  3 hobgoblins
  8 jackals
  2 bats (D:1)
  A giant cockroach (D:2)
  5 giant newts
  2 kobolds
35 creatures vanquished.

Notes
Turn   | Place    | Note
--------------------------------------------------------------
     0 | D:1      | NewYearsCrawler, the Hill Orc Berserker, began the quest for the Orb.
     0 | D:1      | Reached XP level 1. HP: 19/19 MP: 1/1
   438 | D:1      | Reached XP level 2. HP: 26/26 MP: 2/2
   449 | D:1      | Found a shattered altar of Ashenzari.
   702 | D:1      | Reached skill level 5 in Axes
  1130 | D:2      | Reached XP level 3. HP: 21/31 MP: 3/3
  1319 | D:2      | Acquired Trog's second power
  1451 | D:2      | Noticed Terence
  1466 | D:2      | Killed Terence
  1466 | D:2      | Reached skill level 6 in Axes
  1834 | D:3      | Reached XP level 4. HP: 25/39 MP: 4/4
  1873 | D:3      | Killed from afar by an orc wizard

Action                   |  1- 3 |  4- 6 || total
-------------------------+-------+-------++-------
Melee: Hand axe          |   106 |    33 ||   139
Invok: Berserk           |     1 |       ||     1
  Use: Potion            |     4 |       ||     4
  Eat: Chunk             |     3 |       ||     3
